 Seeded DCSS version 0.30.1-11-g7821555f0a (webtiles) character file.

Game seed: 6351066067085065685 (custom seed)

749 Esekla the Thaumaturge (level 7, -6/36 HPs)
             Began as a Deep Elf Wanderer on Nov 10, 2023.
             Was a Believer of Vehumet.
             Mangled by an ogre
             ... wielding a +0 giant club
              (31 damage)
             ... on level 5 of the Dungeon.
             The game lasted 00:33:38 (4161 turns).

Esekla the Thaumaturge (Deep Elf Wanderer)          Turns: 4161, Time: 00:33:38

Health: -6/36      AC:  4    Str: 11    XL:     7   Next: 48%
Magic:  3/21       EV: 12    Int: 20    God:    Vehumet [**....]
Gold:   276        SH:  4    Dex: 14    Spells: 8/23 levels left

rFire   . . .        s - +5 rapier of the Hero {heavy, rN+ Dex+3}
rCold   . . .        d - +0 buckler
rNeg    + . .        c - +0 robe
rPois   .            l - +0 helmet
rElec   .            (no cloak)
rCorr   .            k - +0 pair of gloves
SInv    .            (no boots)
Will    .....        w - amulet of magic regeneration
Stlth   ++           (no ring)
HPRegen 0.26/turn    (no ring)
MPRegen 0.57/turn

%: no passive effects
@: on blink cooldown, very slightly contaminated
A: no striking features
a: Renounce Religion


You were on level 5 of the Dungeon.
You worshipped Vehumet.
Vehumet was pleased with you.
You visited 1 branch of the dungeon, and saw 6 of its levels.

You collected 276 gold pieces.

Inventory:

Hand Weapons
 a - a +2 vampiric dagger
 r - a +0 trident
 s - the +5 rapier of the Hero (weapon) {heavy, rN+ Dex+3}
   (You found it on level 3 of the Dungeon)

   Dex:       It affects your dexterity (+3).
   rN:        It protects you from negative energy.
Missiles
 E - a throwing net (quivered)
Armour
 c - a +0 robe (worn)
 d - a +0 buckler (worn)
 k - a +0 pair of gloves (worn)
 l - a +0 helmet (worn)
Jewellery
 w - an amulet of magic regeneration (around neck)
Wands
 i - a wand of roots (16)
 x - a wand of flame (15)
Scrolls
 g - 5 scrolls of identify {unknown}
 n - a scroll of enchant armour {unknown}
 o - 2 scrolls of amnesia {unknown}
 p - a scroll of immolation {unknown}
 q - 2 scrolls of blinking {unknown}
 t - a scroll of silence {unknown}
 u - a scroll of magic mapping {unknown}
 y - 2 scrolls of fear
 z - a scroll of summoning {unknown}
 A - 2 scrolls of fog {unknown}
 D - 3 scrolls of enchant weapon {unknown}
Potions
 b - 2 potions of lignification
 e - a potion of ambrosia {unknown}
 f - 2 potions of attraction {unknown}
 h - a potion of heal wounds {unknown}
 j - 5 potions of curing {unknown}
 m - a potion of mutation {unknown}
 v - 3 potions of brilliance {unknown}
 B - a potion of haste {unknown}


   Skills:
 + Level 2.6 Short Blades
 + Level 0.4 Throwing
 * Level 2.8 Dodging
 + Level 1.8 Stealth
 + Level 1.8 Shields
 * Level 8.7 Spellcasting
 * Level 2.4 Conjurations
 * Level 2.8 Necromancy
 + Level 2.9 Translocations
 * Level 0.4 Ice Magic
 + Level 1.0 Invocations


You had 8 spell levels left.
You knew the following spells:

 Your Spells              Type           Power      Damage    Failure   Level
a - Magic Dart            Conj           72%        1d6       4%          1
b - Blink                 Tloc           40%        N/A       5%          2
d - Vampiric Draining     Necr           20%        2d7       11%         3
e - Searing Ray           Conj           36%        2d5       6%          2
n - Ignite Poison         Fire/Tmut/Pois 9%         N/A       32%         3
p - Apportation           Tloc           40%        N/A       3%          1
r - Frozen Ramparts       Ice            20%        1d4       28%         3

Your spell library contained the following spells:

 Spells                   Type           Power      Damage    Failure   Level
 Lesser Beckoning         Tloc           40%        N/A       5%          2
 Gell's Gravitas          Tloc           20%        N/A       11%         3
 Teleport Other           Tloc           20%        N/A       11%         3
 Spider Form              Tmut/Pois      9%         N/A       32%         3
 Cause Fear               Hex            4%         N/A       75%         4
 Summon Mana Viper        Hex/Summ       8%         N/A       97%         5


Dungeon Overview and Level Annotations

Branches:
Dungeon (6/15)
 Temple: D:4-7

Altars:
Dithmenos
Hepliaklqana
Okawaru
Qazlal
Trog
Vehumet
Zin
The Shining One

Shops:
D:2 =   D:4 (


Message History

Throw: 2 darts (poison)
Press: ? - help, Q - select action, (/) - cycle Shift-Dir - straight line, f/p - ogre
Aim: an ogre, wielding a +0 giant club (moderately wounded, poisoned, 73% to hit)
You throw a poisoned dart.
The poisoned dart barely misses the ogre.
Throw: dart (poison)
Press: ? - help, Q - select action, (/) - cycle Shift-Dir - straight line, f/p - ogre
Aim: an ogre, wielding a +0 giant club (moderately wounded, poisoned, 73% to hit)
You throw a poisoned dart. The poisoned dart hits the ogre.
The ogre is moderately wounded.
Casting: Blink (safe; 5% risk of failure)
Confirm with . or Enter, or press ? or * to list all spells.
You blink.
Casting: Blink (safe; 5% risk of failure)
Confirm with . or Enter, or press ? or * to list all spells.
The spell is quite dangerous to miscast (28% risk of failure)!
Continue anyway?
Casting: Frozen Ramparts (quite dangerous; 28% risk of failure)
Press: ? - help, Dir - look around, f - activate You miscast Frozen Ramparts.
Nothing appears to happen.
Casting: Frozen Ramparts (quite dangerous; 28% risk of failure)
Confirm with . or Enter, or press ? or * to list all spells.
The spell is quite dangerous to miscast (28% risk of failure)!
Continue anyway?
Casting: Frozen Ramparts (quite dangerous; 28% risk of failure)
Press: ? - help, Dir - look around, f - activate You miscast Frozen Ramparts.
Nothing appears to happen.
Casting: Frozen Ramparts (quite dangerous; 28% risk of failure)
Confirm with . or Enter, or press ? or * to list all spells.
The spell is quite dangerous to miscast (28% risk of failure)!
Continue anyway?
Casting: Frozen Ramparts (quite dangerous; 28% risk of failure)
Press: ? - help, Dir - look around, f - activate You miscast Frozen Ramparts.
Nothing appears to happen.
You feel stable enough to blink again.
Casting: Frozen Ramparts (quite dangerous; 28% risk of failure)
Confirm with . or Enter, or press ? or * to list all spells.
You blink.
The ogre looks more healthy.
The ogre barely misses you.
You hit the ogre.
The ogre is heavily wounded.
The ogre hits you with a +0 giant club!!
Ouch! That really hurt!
You die...

###################
#.......§O@...(.((#
##.###############.# #...#
#######.### ###.#.###
#.........#
####)..#...######.........#
.....###..........#####(#.#
.###...#.#.######.# #§#.#
######...#...# #.# #.#.#
.......#####.####.# #.# #


You could see an ogre.

Vanquished Creatures
  A black bear (D:2)
  2 scorpions (D:5)
  A gnoll bouda (D:4)
  4 hounds
  4 iguanas
  A sleepcap (D:5)
  12 gnolls
  8 adders
  A worm (D:4)
  3 dart slugs
  9 orcs
  4 endoplasms
  8 goblins
  5 hobgoblins
  A quokka (D:1)
  6 ball pythons
  4 bats
  4 frilled lizards
  5 kobolds
  A rat (D:2)
84 creatures vanquished.

Notes
Turn   | Place    | Note
-------+----------+-------------------------------------------
     0 | D:1      | Esekla the Deep Elf Wanderer began the quest for the Orb.
     0 | D:1      | Esekla set off with the following items: a +0 club, a
                  | potion of lignification, a +0 robe, a +0 buckler; and the
                  | following spells available to memorise: Apportation, Blink,
                  | Lesser Beckoning, Magic Dart, Ignite Poison, Vampiric
                  | Draining.
     0 | D:1      | Reached XP level 1. HP: 10/10 MP: 7/7
     2 | D:1      | Learned a level 1 spell: Magic Dart
     4 | D:1      | Learned a level 1 spell: Apportation
   259 | D:2      | Found Renulab's Jewellery Shop.
   480 | D:4      | Found a radiant altar of Vehumet.
   488 | D:4      | Found an iron altar of Okawaru.
   499 | D:4      | Found a glowing silver altar of Zin.
   583 | D:4      | Became a worshipper of Vehumet
   767 | D:3      | Reached skill level 5 in Spellcasting
   815 | D:3      | Reached XP level 2. HP: 10/15 MP: 10/10
   818 | D:3      | Learned a level 2 spell: Blink
  1057 | D:3      | Identified the +5 rapier of the Hero {heavy, rN+ Dex+3}
  1243 | D:2      | Noticed a black bear
  1367 | D:2      | Reached XP level 3. HP: 19/19 MP: 8/11
  1371 | D:2      | Learned a level 3 spell: Ignite Poison
  1375 | D:2      | Learned a level 3 spell: Vampiric Draining
  1555 | D:3      | Found a stormy altar of Qazlal.
  1569 | D:3      | Reached skill level 1 in Short Blades
  1596 | D:3      | Found a hazy altar of Hepliaklqana.
  1598 | D:3      | Found a bloodstained altar of Trog.
  1606 | D:3      | Reached skill level 1 in Conjurations
  1606 | D:3      | Reached XP level 4. HP: 15/24 MP: 4/13
  1834 | D:5      | Entered Level 5 of the Dungeon
  1847 | D:5      | Got the Parchment of the Lumpy Olives
  1873 | D:5      | Found a shadowy altar of Dithmenos.
  1913 | D:5      | Reached * piety under Vehumet
  1913 | D:5      | Offered knowledge of Sandblast by Vehumet.
  1914 | D:5      | Reached skill level 6 in Spellcasting
  2067 | D:5      | Reached skill level 1 in Dodging
  2207 | D:4      | Reached skill level 1 in Necromancy
  2207 | D:4      | Reached XP level 5. HP: 21/28 MP: 15/15
  2856 | D:2      | Found a faded altar of an unknown god.
  3020 | D:2      | Killed a black bear
  3021 | D:2      | Reached XP level 6. HP: 23/32 MP: 11/17
  3118 | D:4      | Found Ponaysk's Antique Weapon Boutique.
  3239 | D:4      | Reached skill level 7 in Spellcasting
  3286 | D:5      | Offered knowledge of Searing Ray by Vehumet.
  3290 | D:5      | Learned a level 2 spell: Searing Ray
  3346 | D:5      | Reached ** piety under Vehumet
  3496 | D:4      | Reached skill level 8 in Spellcasting
  3496 | D:4      | Reached XP level 7. HP: 36/36 MP: 15/20
  3561 | D:4      | Found a glowing golden altar of the Shining One.
  3829 | D:5      | Offered knowledge of Frozen Ramparts by Vehumet.
  3834 | D:5      | Learned a level 3 spell: Frozen Ramparts
  4161 | D:5      | Mangled by an ogre

Illustrated notes

Levels and vault maps discovered:
D:1:      sevenhm_arrival_forest_fort_small_3, layout_rooms,
          chequers_serial_rivers_room_b, minmay_misc_feat_five
D:2:      layout_loops_ring, dreamdust_ecumenical_altar_angels_and_demons,
          serial_shops, shop
D:3:      layout_basic, grunt_temple_overflow_open, minmay_misc_feat_iff
D:4:      layout_basic, nicolae_overflow_quartered_altars, serial_shops,
          nicolae_diamond_shop
D:5:      layout_loops_ring, lemuel_doored_altar, minmay_misc_feat_rows,
          dreamdust_wishing_well
D:6:      layout_loops_cross, fedhas_altar_fruit_tree,
          minmay_temple_entry_glass, uniq_pikel, uniq_blork_the_orc

Skill      XL: |  1  2  3  4  5  6  7 |
---------------+----------------------+-----
Spellcasting   | 5 6 8 |  8.7
Short Blades   | 1 2 |  2.6
Conjurations   | 1 2 |  2.4
Dodging        | 1 2 |  2.8
Necromancy     | 1 2 |  2.8
Throwing       | |  0.4
Stealth        | |  1.8
Shields        | |  1.8
Translocations | |  2.9
Ice Magic      | |  0.4
Invocations    | |  1.0

Action                     |  1- 3 |  4- 6 |  7- 9 || total
---------------------------+-------+-------+-------++-------
  Melee: Short sword       |    14 |       |       ||    14
         Rapier            |    13 |    42 |    17 ||    72
  Throw: Dart              |       |    16 |     6 ||    22
   Cast: Apportation       |    23 |    35 |     8 ||    66
         Magic Dart        |    30 |    45 |     2 ||    77
         Vampiric Draining |     3 |    12 |     9 ||    24
         Blink             |       |     6 |     5 ||    11
         Ignite Poison     |       |     3 |       ||     3
         Searing Ray       |       |     6 |     3 ||     9
    Use: Scroll            |     1 |       |       ||     1
   Stab: Sleeping          |     1 |     1 |       ||     2
 Armour: Robe              |    22 |     7 |     6 ||    35
  Dodge: Dodged            |    36 |    32 |    23 ||    91
  Block: Buckler           |     6 |    21 |     6 ||    33
